 Dungeon Crawl Stone Soup version 0.20.1-1-g8b1a95d (webtiles) character file.

1949 Irenicus the Cleaver (level 8, -1/68 HPs)
             Began as a Deep Dwarf Fighter on Oct 27, 2017.
             Slain by a gnoll
             ... wielding a +0 spear
              (4 damage)
             ... on level 6 of the Dungeon.
             The game lasted 00:08:05 (3932 turns).

Irenicus the Cleaver (Deep Dwarf Fighter)           Turns: 3932, Time: 00:08:06

Health: -1/68      AC:  8    Str: 24    XL:     8   Next: 99%
Magic:  3/3        EV: 10    Int:  9    God:
Gold:   210        SH:  0    Dex: 14    Spells: 7/7 levels left

rFire    . . .     SeeInvis .   a - +0 war axe
rCold    . . .     Gourm    .   (no shield)
rNeg     . . .     Faith    .   m - +0 ring mail
rPois    .         Spirit   .   w - +0 helmet (curse)
rElec    .         Reflect  .   x - +0 cloak
rCorr    .         Harm     .   (no gloves)
MR       ++...                  (no boots)
Stlth    +.........             (no amulet)
Regen    0.0/turn               t - +4 ring of strength
MPRegen  0.1/turn               v - ring of protection from magic

@: non-regenerating
A: damage resistance, heal wounds, sense surroundings 1, no regeneration
a: Heal Wounds


You were on level 6 of the Dungeon.
You were not hungry.

You visited 2 branches of the dungeon, and saw 7 of its levels.

You collected 210 gold pieces.

Inventory:

Hand Weapons
 a - a +0 war axe (weapon)
 d - a +0 war axe
Armour
 b - a +0 scale mail
 c - a +0 shield
 m - a +0 ring mail (worn)
 w - a cursed +0 helmet (worn)
 x - a +0 cloak (worn)
Jewellery
 t - a +4 ring of strength (left hand)
 v - a ring of protection from magic (right hand)
Scrolls
 e - a scroll of immolation {unknown}
 g - a scroll of teleportation {unknown}
 h - 4 scrolls of identify {unknown}
 i - a scroll of blinking {unknown}
 l - 6 scrolls of enchant armour {unknown}
 o - 5 scrolls of remove curse {unknown}
 q - 2 scrolls of enchant weapon {unknown}
 u - 2 scrolls of amnesia {unknown}
 y - a scroll of fog {unknown}
 A - 2 scrolls of recharging {unknown}
 B - a scroll of brand weapon {unknown}
Potions
 j - 2 potions of degeneration
 n - 2 potions of haste
 p - a potion of lignification
 r - a potion of resistance {unknown}
Comestibles
 f - 5 bread rations
 k - a chunk of flesh
 s - 2 fruits
 z - a royal jelly
 C - 2 meat rations


   Skills:
 - Level 2.6 Fighting
 + Level 12.6 Axes
 - Level 3.2 Armour
 - Level 3.2 Shields


You had 7 spell levels left.
You didn't know any spells.

Dungeon Overview and Level Annotations

Branches:
Dungeon (6/15)             Temple (1/1) D:6

Altars:
Ashenzari
Cheibriados
Dithmenos
Elyvilon
Fedhas
Gozag
Hepliaklqana
Kikubaaqudgha
Nemelex Xobeh
Okawaru
Qazlal
Ru
Sif Muna
Trog
Uskayaw
Vehumet
Xom
Yredelemnul
Zin
The Shining One


Innate Abilities, Weirdness & Mutations

You are resistant to damage.
You can heal yourself by infusing magical energy.
You passively map a small area around you.
You do not regenerate.


Message History

You now have 210 gold pieces (gained 10).
Found a stone staircase leading down.
Found a hand axe.
A gnoll comes into view. It is wielding a spear.
The gnoll shouts!
A gnoll comes into view. It is wielding a club.
A gnoll is nearby!
A gnoll is nearby!
The gnoll shouts!
The gnoll hits you with a club.
A gnoll comes into view. It is wielding a flail.
You closely miss the gnoll.
The gnoll shouts!
The gnoll hits you from afar with a spear.
* * * LOW HITPOINT WARNING * * *
You closely miss the gnoll. The gnoll barely misses you.
You hit the gnoll.
The gnoll is lightly wounded.
The gnoll hits you from afar with a spear.
You die...

#..........#
#.#...#....#
*
.#.....#....#
..)...>.....#
.######...###
, ..........#
.######.#.# ,
#.#.# #@#.#
#g#.# ***
#g#, , .g. *
* ** #.# #.#
#.# , ,, ...
*


You could see 3 gnolls.

Vanquished Creatures
  Grinder (D:5)
  Sigmund (D:4)
  The ghost of Irenicus the Chopper, an amateur DDFi (D:3)
  Edmund (D:4)
  An ice beast (D:5)
  A sky beast (D:5)
  A necrophage (D:3)
  2 ogres (D:5)
  4 centaurs
  A phantom (D:4)
  A bullfrog (D:6)
  A scorpion (D:4)
  An orc wizard (D:5)
  Crazy Yiuf (D:2)
  A centaur skeleton (D:5)
  An orc priest (D:5)
  An iguana (D:4)
  4 worker ants
  2 hound skeletons (D:5)
  A worker ant zombie (D:6)
  Robin (D:3)
  3 adders
  A gnoll (D:1)
  A shadow imp (D:6)
  2 worms
  3 dart slugs
  2 leopard geckos
  4 orcs (D:5)
  2 giant cockroaches
  10 hobgoblins
  7 jackals
  7 kobolds
  2 quokkas (D:5)
  4 ball pythons
  5 bats
  6 frilled lizards
  12 goblins
  A quokka zombie (D:5)
  6 rats
107 creatures vanquished.

Notes
Turn   | Place    | Note
-------+----------+-------------------------------------------
     0 | D:1      | Irenicus the Deep Dwarf Fighter began the quest for the Orb.
     0 | D:1      | Reached XP level 1. HP: 20/20 MP: 1/1
   216 | D:1      | Reached skill level 3 in Axes
   216 | D:1      | Reached XP level 2. HP: 10/27 MP: 1/1
   426 | D:1      | Reached XP level 3. HP: 11/33 MP: 2/2
   575 | D:1      | Reached skill level 4 in Axes
   931 | D:2      | Found a runed door.
   935 | D:2      | Noticed Crazy Yiuf
   941 | D:2      | Killed Crazy Yiuf
   941 | D:2      | Reached skill level 5 in Axes
   941 | D:2      | Reached XP level 4. HP: 14/40 MP: 2/2
  1276 | D:3      | Noticed Irenicus's ghost (amateur DDFi)
  1295 | D:3      | Killed Irenicus's ghost
  1295 | D:3      | Reached skill level 6 in Axes
  1295 | D:3      | Reached XP level 5. HP: 39/46 MP: 3/3
  1298 | D:3      | Noticed a necrophage
  1304 | D:3      | Killed a necrophage
  1304 | D:3      | Reached skill level 7 in Axes
  1304 | D:3      | Reached XP level 6. HP: 47/55 MP: 4/4
  1397 | D:3      | Noticed Robin
  1414 | D:3      | Killed Robin
  1823 | D:3      | Found a stormy altar of Qazlal.
  2062 | D:4      | Noticed Sigmund
  2074 | D:4      | Killed Sigmund
  2074 | D:4      | Reached skill level 8 in Axes
  2074 | D:4      | Reached XP level 7. HP: 39/61 MP: 4/4
  2095 | D:4      | Noticed Edmund
  2131 | D:4      | Killed Edmund
  2131 | D:4      | Reached skill level 9 in Axes
  2194 | D:4      | Found a hide-covered altar of Uskayaw.
  2337 | D:4      | HP: 1/61 [iguana (4)]
  2745 | D:5      | Entered Level 5 of the Dungeon
  2779 | D:5      | Reached skill level 10 in Axes
  2893 | D:5      | HP: 2/61 [centaur/arrow (11)]
  2911 | D:5      | Reached XP level 8. HP: 28/68 MP: 3/3
  3054 | D:5      | HP: 3/68 [ogre/giant club (9)]
  3078 | D:5      | Reached skill level 11 in Axes
  3137 | D:5      | Found a hazy altar of Hepliaklqana.
  3137 | D:5      | Found a glowing golden altar of the Shining One.
  3140 | D:5      | Found a sacrificial altar of Ru.
  3251 | D:5      | Noticed Grinder
  3283 | D:5      | Killed Grinder
  3283 | D:5      | Reached skill level 12 in Axes
  3456 | D:5      | Found a radiant altar of Vehumet.
  3529 | D:6      | Found a staircase to the Ecumenical Temple.
  3538 | Temple   | Entered the Ecumenical Temple
  3930 | D:6      | HP: 3/68 [gnoll/spear (1)]
  3932 | D:6      | Slain by a gnoll

Skill      XL: |  1  2  3  4  5  6  7  8 |
---------------+-------------------------+-----
Axes           | 3 5 6 7 8 10 12 | 12.6
Fighting       | |  2.6
Armour         | |  3.2
Shields        | |  3.2

Action                   |  1- 3 |  4- 6 |  7- 9 || total
-------------------------+-------+-------+-------++-------
Melee: War axe           |    87 |   110 |   223 ||   420
 Abil: Heal Wounds       |     2 |     3 |    11 ||    16
  Use: Potion            |       |     4 |     3 ||     7
  Eat: Chunk             |       |     3 |     7 ||    10
Armor: Ring mail         |    41 |    47 |    87 ||   175
       Scale mail        |     1 |       |       ||     1
Dodge: Dodged            |    62 |    51 |   110 ||   223
